 Dungeon Sprint DCSS version 0.21.1-1-g345015f (webtiles) character file.

388 Fang the Fighter (level 6, -5/72 HPs)
             Began as a Gargoyle Berserker on June 27, 2018.
             Was a High Priest of Trog.
             Slain by an orc knight
             ... wielding a +3 great mace of protection
              (11 damage)
             ... in the Dungeon (Sprint VII: "The Pits").
             The game lasted 00:01:23 (942 turns).

Fang the Fighter (Gargoyle Berserker)                Turns: 942, Time: 00:01:24

Health: -5/72      AC:  6    Str: 28    XL:     6   Next: 79%
Magic:  6/6        EV: 13    Int:  7    God:    Trog [*****.]
Gold:   0          SH:  0    Dex:  9    Spells: 5/5 levels left

rFire    . . .     SeeInvis .   n - +1 hand axe (chop)
rCold    . . .     Gourm    .   (no shield)
rNeg     + . .     Faith    .   b - +0 animal skin
rPois    ∞         Spirit   .   (no helmet)
rElec    +         Reflect  .   (no cloak)
rCorr    .         Harm     .   (no gloves)
MR       .....     NoTele   +   (no boots)
Stlth    ..........             (no amulet)
HPRegen  0.22/turn              (no ring)
MPRegen  0.10/turn              (no ring)

@: berserking (expiring), starving, very quick
A: negative energy resistance 1, electricity resistance, unbreathing,
petrification resistance, rot immunity, AC +4
a: Berserk, Trog's Hand, Brothers in Arms, Burn Spellbooks, Renounce Religion


You were in the Dungeon.
You worshipped Trog.
Trog was extremely pleased with you.
You were starving.

You visited 1 branch

Inventory:

Hand Weapons
 j - a +2 hand axe
 n - a +1 hand axe of chopping (weapon)
Armour
 b - a +0 animal skin (worn)
Scrolls
 i - a scroll of blinking
 k - 3 scrolls of remove curse
 l - a scroll of summoning
Potions
 a - 2 potions of invisibility
 d - 6 potions of curing
 e - 6 potions of heal wounds
 f - a potion of haste
 g - 4 potions of magic
 h - 3 potions of berserk rage
Comestibles
 c - 9 rations


   Skills:
 + Level 9.7 Fighting
 + Level 8.8 Axes
 + Level 5.0 Armour
 + Level 4.6 Dodging
 + Level 1.3 Stealth


You had 5 spell levels left.
You didn't know any spells.

Dungeon Overview and Level Annotations

Branches:
Dungeon (1/1)

Altars:
Cheibriados
Dithmenos
Elyvilon
Fedhas
Gozag
Hepliaklqana
Makhleb
Nemelex Xobeh
Okawaru
Qazlal
Ru
Sif Muna
Trog
Vehumet
Wu Jian
Xom
Yredelemnul
Zin
The Shining One
Beogh
Jiyva
Lugonu


Innate Abilities, Weirdness & Mutations

You are resistant to torment.
Your stone body is resilient. (AC +4)
You are immune to poison.
You resist negative energy. (rN+)
You are resistant to electric shocks. (rElec)
You can survive without breathing.
You are immune to petrification.
You are immune to rotting.


Message History

The orc knight is heavily wounded.
The orc knight hits you with a great mace of protection!!
* * * LOW HITPOINT WARNING * * *
You closely miss the orc knight.
The orc knight is heavily wounded.
You hit the orc knight but do no damage.
The orc knight is heavily wounded.
You slash the orc knight!
The orc knight is severely wounded.
The orc knight hits you with a great mace of protection!
* * * LOW HITPOINT WARNING * * *
You hit the orc knight but do no damage.
The orc knight is severely wounded.
The orc knight completely misses you.
You hit the orc knight.
The orc knight is severely wounded.
You slash the orc knight!
The orc knight is almost dead.
The orc knight hits you with a great mace of protection!
You die...

#.#........##.......#
#'###########.......#
#.......# #########
#..#.#..# #.##.##.#
#.......#+#
#.##.##.#.+
#..#.#..#o#
#.......'@#
###########


You could see an orc knight.

Vanquished Creatures
  A sky beast (D)
  A black bear (D)
  2 wolves (D)
  A mummy (D)
  2 river rats (D)
  A worm (D)
  A leopard gecko (D)
  An orc (D)
  2 jackals (D)
  A ball python (D)
  A ball python skeleton (D)
  2 frilled lizards (D)
  A rat (D)
17 creatures vanquished.

Notes
Turn   | Place    | Note
-------+----------+-------------------------------------------
     0 | D        | Fang the Gargoyle Berserker began the quest for the Orb.
     0 | D        | Reached XP level 1. HP: 14/14 MP: 1/1
    79 | D        | Found a bloodstained altar of Trog.
    79 | D        | Found a deep blue altar of Sif Muna.
    79 | D        | Found a viscous altar of Jiyva.
    79 | D        | Found a hazy altar of Hepliaklqana.
    79 | D        | Found an opulent altar of Gozag.
    80 | D        | Found a glowing golden altar of the Shining One.
    80 | D        | Found a glowing silver altar of Zin.
    80 | D        | Found a basalt altar of Yredelemnul.
    80 | D        | Found a shimmering altar of Xom.
    80 | D        | Found an ornate altar of the Wu Jian Council.
    80 | D        | Found a sacrificial altar of Ru.
    80 | D        | Found a stormy altar of Qazlal.
    80 | D        | Found an iron altar of Okawaru.
    80 | D        | Found a sparkling altar of Nemelex Xobeh.
    80 | D        | Found a burning altar of Makhleb.
    80 | D        | Found a blossoming altar of Fedhas.
    80 | D        | Found a white marble altar of Elyvilon.
    80 | D        | Found a shadowy altar of Dithmenos.
    80 | D        | Found a snail-covered altar of Cheibriados.
    82 | D        | Found a radiant altar of Vehumet.
    82 | D        | Found a corrupted altar of Lugonu.
    82 | D        | Found a roughly hewn altar of Beogh.
   123 | D        | Reached skill level 4 in Fighting
   123 | D        | Reached XP level 2. HP: 20/20 MP: 2/2
   164 | D        | Reached ** piety under Trog
   277 | D        | Noticed a wolf
   283 | D        | Killed a wolf
   283 | D        | Reached *** piety under Trog
   283 | D        | Reached skill level 6 in Fighting
   283 | D        | Reached skill level 5 in Axes
   283 | D        | Reached XP level 3. HP: 27/28 MP: 3/3
   283 | D        | Reached XP level 4. HP: 31/32 MP: 4/4
   465 | D        | Noticed a wolf
   471 | D        | Reached **** piety under Trog
   471 | D        | Reached skill level 7 in Fighting
   472 | D        | Killed a wolf
   472 | D        | Reached skill level 8 in Fighting
   472 | D        | Reached XP level 5. HP: 39/39 MP: 5/5
   481 | D        | Noticed a sky beast
   501 | D        | Killed a sky beast
   501 | D        | Reached ***** piety under Trog
   501 | D        | Reached skill level 9 in Fighting
   501 | D        | Reached skill level 1 in Stealth
   501 | D        | Reached XP level 6. HP: 7/46 MP: 6/6
   871 | D        | Noticed a black bear
   875 | D        | Killed a black bear
   875 | D        | Reached skill level 5 in Armour
   921 | D        | Noticed an orc knight
   942 | D        | Slain by an orc knight

Skill      XL: |  1  2  3  4  5  6 |
---------------+-------------------+-----
Fighting       | 4 6 8 9 |  9.7
Axes           | 3 5 7 8 |  8.8
Dodging        | 2 3 4 |  4.6
Armour         | 3 4 5 |  5.0
Stealth        | 1 |  1.3

Action                   |  1- 3 |  4- 6 || total
-------------------------+-------+-------++-------
Melee: Hand axe          |    27 |    62 ||    89
Invok: Berserk           |     2 |     3 ||     5
  Eat: Chunk             |       |     3 ||     3
Armor: Animal skin       |     3 |    17 ||    20
Dodge: Dodged            |    18 |    20 ||    38
